 Dungeon Crawl Stone Soup version 0.22.1-1-ga44c0e5 (webtiles) character file.

399 ventricule the Twirler (level 6, -4/70 HPs)
             Began as a Barachi Hunter on Oct 18, 2018.
             Was an Initiate of Makhleb.
             Slain by a sky beast (6 damage)
             ... in the Ecumenical Temple.
             The game lasted 00:20:59 (1754 turns).

ventricule the Twirler (Barachi Hunter)             Turns: 1754, Time: 00:21:00

Health: -4/70      AC: 23    Str: 14    XL:     6   Next: 84%
Magic:  6/6        EV:  2    Int: 11    God:    Makhleb [......]
Gold:   144        SH:  0    Dex: 14    Spells: 5/5 levels left

rFire    + . .     SeeInvis .   w - +0 blowgun
rCold    x . .     Gourm    .   (no shield)
rNeg     + + +     Faith    .   (armour currently unavailable)
rPois    +         Spirit   .   (helmet currently unavailable)
rElec    .         Reflect  .   (cloak currently unavailable)
rCorr    .         Harm     .   (gloves currently unavailable)
MR       .....     NoTele   +   (boots currently unavailable)
Stlth    ++........             j - amulet of rage
HPRegen  0.21/turn              q - ring of fire {rF+, rC-}
MPRegen  0.10/turn              (no ring)

@: tree-form
A: +LOS, swims
a: Renounce Religion, Evoke Berserk Rage


You were in the Ecumenical Temple.
You worshipped Makhleb.
Makhleb was noncommittal.
You were not hungry.
You were a tree.
You visited 2 branches of the dungeon, and saw 8 of its levels.

You collected 144 gold pieces.

Inventory:

Hand Weapons
 a - a +0 short sword
 c - a +1 quarterstaff
 w - a +0 blowgun (weapon)
Missiles
 d - a throwing net {=f}
 k - 4 javelins
 m - 23 poisoned needles (quivered)
 o - 7 tomahawks
 Q - 16 stones
Armour
 b - a +0 leather armour
 g - a +0 cloak (melded)
 p - a +0 scale mail (melded)
Jewellery
 j - an amulet of rage (around neck)
 q - a ring of fire (left branch) {rF+, rC-}
Wands
 n - a wand of enslavement (1)
Scrolls
 f - a scroll of fog
Potions
 h - a potion of mutation {unknown}
 l - a potion of haste {unknown}
Comestibles
 e - 4 rations
 i - 4 chunks of flesh


   Skills:
 + Level 3.3 Fighting
 + Level 6.3 Staves
 - Level 4.2 Throwing
 + Level 1.2 Armour
 + Level 3.0 Dodging
 - Level 0.8 Stealth


You had 5 spell levels left.
You didn't know any spells.
Your spell library was empty.

Dungeon Overview and Level Annotations

Branches:
Dungeon (7/15)             Temple (1/1) D:7

Altars:
Cheibriados
Makhleb
Qazlal
Uskayaw

Annotations:
D:6 Pikel


Innate Abilities, Weirdness & Mutations

Shadows flee at your approach. (+LOS)
You can swim through water.
((You cover ground slowly.))
((You can hop short distances.))


Message History

Aim: a sky beast (lightly wounded, poisoned, chance to defeat MR: 46%)
The sky beast resists with some effort.
Aim: a sky beast (lightly wounded, poisoned, chance to defeat MR: 46%)
The sky beast resists with some effort.
The sky beast hits you but does no damage.
Aim: a sky beast (lightly wounded, poisoned, chance to defeat MR: 46%)
The sky beast resists with some effort.
The sky beast hits you but does no damage.
Aim: a sky beast (lightly wounded, poisoned, chance to defeat MR: 46%)
The sky beast resists with some effort.
The sky beast hits you.
* * * LOW HITPOINT WARNING * * *
The sky beast shocks you.
* * * LOW HITPOINT WARNING * * *
You take 6 damage, and have 5/70 hp.
Aim: a sky beast (moderately wounded, poisoned, chance to defeat MR: 46%)
The sky beast resists with some effort.
The sky beast looks more healthy.
The sky beast hits you.
* * * LOW HITPOINT WARNING * * *
The sky beast shocks you.
You die...

. ## . .. .#. .# ...
(..#####.. ...(((.#≈#
..#......#####
....._.Y.....###
#......♣......#######
###......._.........#
#####......#......#
###.......<...#
#####.......#
#.......# #########


You could see a sky beast.

Vault maps used:
D:1:      scummos_arrival_simple_fountains
D:2:      cheibriados_altar_1, first_ration
D:3:      dancing_weapons_uskayaw, chequers_ecumenical_altar_simple,
          hangedman_decor_growths, uniq_terence
D:4:      lemuel_round_altar, uniq_blork_the_orc
D:5:      lemuel_ice_spiral_2, ebering_ghost_sewer_d
D:6:      tgw_kikubaaqudgha, uniq_pikel
D:7:      minmay_temple_entry_crystal_x
Temple:   regret_index_temple_waves

Notes
Turn   | Place    | Note
-------+----------+-------------------------------------------
     0 | D:1      | ventricule the Barachi Hunter began the quest for the Orb.
     0 | D:1      | Reached XP level 1. HP: 17/17 MP: 1/1
    42 | D:2      | Found a snail-covered altar of Cheibriados.
   123 | D:2      | HP: 3/17 [leopard gecko (2)]
   125 | D:2      | HP: 1/17 [leopard gecko (2)]
   453 | D:2      | Reached XP level 2. HP: 23/23 MP: 2/2
   515 | D:2      | Identified a +0 quarterstaff (You found it on level 2 of
                  | the Dungeon)
   570 | D:2      | Reached skill level 1 in Staves
   606 | D:2      | Identified a +0 scale mail (You found it on level 2 of the
                  | Dungeon)
   645 | D:2      | Reached XP level 3. HP: 26/28 MP: 3/3
   669 | D:2      | Reached skill level 2 in Staves
   967 | D:3      | Noticed a dagger
   967 | D:3      | Noticed a dagger
   985 | D:3      | Identified a scroll of enchant weapon
   986 | D:3      | Identified a scroll of remove curse
   987 | D:3      | Identified a scroll of identify
   987 | D:3      | Identified a potion of curing
  1000 | D:3      | Reached XP level 4. HP: 16/34 MP: 4/4
  1015 | D:3      | Reached skill level 3 in Staves
  1049 | D:3      | Found a hide-covered altar of Uskayaw.
  1134 | D:3      | Reached skill level 4 in Staves
  1147 | D:3      | Identified a +0 cloak (You found it on level 3 of the
                  | Dungeon)
  1351 | D:4      | Reached XP level 5. HP: 38/40 MP: 5/5
  1360 | D:5      | Entered Level 5 of the Dungeon
  1370 | D:5      | Identified a ring of fire (You found it on level 5 of the
                  | Dungeon)
  1379 | D:5      | Identified a scroll of amnesia
  1380 | D:5      | Identified a scroll of fog
  1390 | D:5      | Noticed an ogre
  1391 | D:5      | Identified a +0 blowgun (You took it off a kobold on level
                  | 3 of the Dungeon)
  1397 | D:5      | Killed an ogre
  1397 | D:5      | Reached skill level 5 in Staves
  1408 | D:5      | Identified a scroll of immolation
  1428 | D:5      | Identified a scroll of magic mapping
  1450 | D:5      | Identified an amulet of rage (You found it on level 3 of
                  | the Dungeon)
  1459 | D:5      | Noticed a centaur
  1468 | D:5      | Killed a centaur
  1468 | D:5      | Reached skill level 6 in Staves
  1468 | D:5      | Reached XP level 6. HP: 16/46 MP: 6/6
  1483 | D:5      | Reached skill level 3 in Fighting
  1538 | D:5      | Reached skill level 1 in Armour
  1614 | D:6      | Noticed a slave
  1614 | D:6      | Noticed Pikel
  1614 | D:6      | Noticed a slave
  1615 | D:6      | Noticed a slave
  1634 | D:6      | Reached skill level 3 in Dodging
  1641 | D:6      | HP: 10/47 [slave[Pikel] (3)]
  1642 | D:6      | Killed a slave
  1694 | D:7      | Found a staircase to the Ecumenical Temple.
  1694 | D:7      | Noticed a sky beast
  1698 | D:7      | Noticed an ice beast
  1705 | Temple   | Entered the Ecumenical Temple
  1712 | Temple   | Became a worshipper of Makhleb the Destroyer
  1713 | Temple   | ventricule: ??sky_beqst
  1713 | Temple   | beem: sky beqst ~ sky beast[1/2]: Similar to an {ice
                  | beast}, only it flies, is made of clouds and tortured
                  | flesh, leaves a mutagenic corpse and fades in and out of
                  | visibility at random. Appears at the same depths as ice
                  | beasts, but has less AC and is not resistant to poison.
  1713 | Temple   | ventricule: ??sky_beast[2]
  1713 | Temple   | beem: sky beast[2/2]:
                  | http://www.creaturespot.com/main/2010/11/12/cephalophant-mo
                  | nster.html
  1713 | Temple   | HP: 11/47 [something (5)]
  1714 | Temple   | HP: 3/47 [something (6)]
  1716 | Temple   | Identified a potion of lignification
  1718 | Temple   | ventricule: ??enslavement
  1718 | Temple   | beem: enslavement[1/3]: A wand that temporarily turns an
                  | enemy into an ally. Useful on orc warriors and the like
                  | with low magic resistance. Can be very useful to enslave
                  | something, tell it to 'wait here' and get xp while it kills
                  | things off screen. Was also a spell (L4 Hexes) in 0.16 and
                  | earlier.
  1718 | Temple   | ventricule: ??enslavement[2]
  1718 | Temple   | beem: enslavement[2/3]: You can't enslave monsters that
                  | your god doesn't like.
  1718 | Temple   | ventricule: ??enslavement[3]
  1718 | Temple   | beem: scroll of vulnerability[3/3]: 0.14 and earlier
                  | trivia: If you cast Summon Greater Demon, then read vuln
                  | (or a purple drac/quicksilver dragon shoots at them - same
                  | effect) they went hostile, because their friendliness was a
                  | status effect (enslavement).
  1753 | Temple   | HP: 11/70 [sky beast (1)]
  1753 | Temple   | HP: 5/70 [sky beast (6)]
  1754 | Temple   | HP: 2/70 [sky beast (3)]
  1754 | Temple   | Slain by a sky beast

Table legend:
 A = Turns spent in this place as a percentage of turns spent in the entire game.
 B = Non-inter-level travel turns spent in this place as a percentage of non-inter-level travel turns spent in the entire game.
 C = Inter-level travel turns spent in this place as a percentage of turns spent in this place.
 D = Turns resting spent in this place as a percentage of non-inter-level travel turns spent in this place.
 E = Turns spent auto-exploring this place as a percentage of non-inter-level travel turns spent in this place.
 F = Non-inter-level travel turns spent in this place divided by the number of levels of this place that you've seen.
                   A       B       C       D       E      F
               +-------+-------+-------+-------+-------+----------------------
         Total | 100.0 | 100.0 |   2.8 |  31.6 |   1.2 | 213.1
       Dungeon |  97.2 |  97.1 |   2.9 |  32.5 |   1.2 | 236.6
        Temple |   2.8 |   2.9 |   0.0 |   0.0 |   0.0 |  49.0
               +-------+-------+-------+-------+-------+----------------------

Table legend:
 A = Kills in this place as a percentage of kills in entire the game.
 B = Kills by you in this place as a percentage of kills by you in the entire game.
 C = Kills by friends in this place as a percentage of kills by friends in the entire game.
 D = Other kills in this place as a percentage of other kills in the entire game.
 E = Experience gained in this place as a percentage of experience gained in the entire game.
 F = Experience gained in this place divided by the number of levels of this place that you have seen.
                   A       B       C       D       E      F
               +-------+-------+-------+-------+-------+----------------------
         Total | 100.0 | 100.0 | 100.0 |   N/A | 100.0 |  71.4
       Dungeon | 100.0 | 100.0 | 100.0 |   N/A | 100.0 |  81.6
               +-------+-------+-------+-------+-------+----------------------

Skill      XL: |  1  2  3  4  5  6 |
---------------+-------------------+-----
Staves         | 1 2 4 6 |  6.3
Fighting       | 3 |  3.3
Armour         | 1 |  1.2
Dodging        | 3 |  3.0
Throwing       | |  4.2
Stealth        | |  0.8

Action                   |  1- 3 |  4- 6 || total
-------------------------+-------+-------++-------
Melee: Short sword       |    29 |       ||    29
       Quarterstaff      |    51 |    74 ||   125
 Fire: Blowgun           |       |    12 ||    12
Throw: Javelin           |    23 |    10 ||    33
       Throwing net      |     2 |       ||     2
 Abil: Hop               |     4 |     3 ||     7
Evoke: Wand              |     2 |     7 ||     9
  Use: Scroll            |     3 |     5 ||     8
       Potion            |       |     2 ||     2
  Eat: Chunk             |       |     3 ||     3
Armor: Leather armour    |    13 |       ||    13
       Scale mail        |    16 |    33 ||    49
       Skin              |       |     2 ||     2
Dodge: Dodged            |    61 |    34 ||    95

Vanquished Creatures
  A slave (D:6)
  An ogre (D:5)
  A centaur (D:5)
  A jelly (D:3)
  A bullfrog zombie (D:5)
  A crimson imp (D:5)
  A worker ant (D:6)
  A worker ant zombie (D:5)
  6 adders
  An ooze (D:2)
  2 worms (D:2)
  A dart slug (D:2)
  A leopard gecko (D:2)
  An orc (D:7)
  2 bats (D:2)
  A giant cockroach (D:2)
  2 goblins (D:2)
  4 hobgoblins
  A quokka (D:5)
  A ball python (D:2)
  A frilled lizard (D:3)
  4 kobolds
  A rat (D:2)
37 creatures vanquished.

Vanquished Creatures (collateral kills)
  A worm (D:3)
  2 orcs (D:7)
3 creatures vanquished.

Grand Total: 40 creatures vanquished
